 Dungeon Crawl Stone Soup version 0.24-a0-445-gd5110b030a (webtiles) character file.

Game seed: 18376478636504604543

9913 Amnesiac the Spear-Bearer (level 11, -4/84 HPs)
             Began as a Merfolk Skald on June 22, 2019.
             Was an Initiate of Gozag.
             Slain by an ice dragon (12 damage)
             ... on level 10 of the Dungeon.
             The game lasted 00:28:45 (9804 turns).

Amnesiac the Spear-Bearer (Merfolk Skald)           Turns: 9804, Time: 00:28:45

Health: -4/84      AC: 15    Str: 12    XL:     11   Next: 53%
Magic:  18/20      EV: 19    Int: 15    God:    Gozag
Gold:   1307       SH:  0    Dex: 14    Spells: 13/22 levels left

rFire    . . .     SeeInvis .   b - +1 trident
rCold    + + .     Gourm    .   (no shield)
rNeg     . . .     Faith    .   M - +2 robe {rC+}
rPois    .         Spirit   .   H - +1 hat {MR+}
rElec    .         Reflect  .   B - +2 cloak {MR+}
rCorr    .         Harm     .   s - +2 pair of gloves
MR       +++..                  y - +0 pair of boots
Stlth    +.........             j - amulet of magic regeneration
HPRegen  1.24/turn              I - ring of Understanding {rC+ MR+}
MPRegen  0.42/turn              m - +3 ring of protection

@: regenerating (expiring)
A: change form in water, swift swim, stealthy swim
a: Potion Petition, Call Merchant, Bribe Branch, Renounce Religion


You were on level 10 of the Dungeon.
You worshipped Gozag.
Gozag was most pleased with you.
You were full.

You visited 2 branches of the dungeon, and saw 11 of its levels.

You collected 1424 gold pieces.
You paid 117 gold pieces to Gozag.

Inventory:

Hand Weapons
 b - a +1 trident (weapon)
Missiles
 C - 6 curare-tipped darts (quivered)
Armour
 s - a +2 pair of gloves (worn)
 y - a +0 pair of boots (worn)
 z - a +1 robe of fire resistance
 B - a +2 cloak of magic resistance (worn)
 H - a +1 hat of magic resistance (worn)
 M - a +2 robe of cold resistance (worn)
Jewellery
 j - an amulet of magic regeneration (around neck)
 m - a +3 ring of protection (right hand)
 F - an uncursed ring of protection from fire
 I - the ring of Understanding (left hand) {rC+ MR+}
   (You found it on level 10 of the Dungeon)

   [ring of protection from cold]

   It protects you from cold.
   It affects your resistance to hostile enchantments.
Wands
 v - a wand of flame (34)
 L - a wand of digging (7)
Scrolls
 c - 2 scrolls of amnesia {!r}
 e - 10 scrolls of remove curse {!r}
 f - 4 scrolls of enchant weapon {!r}
 l - a scroll of identify {!r}
 n - 5 scrolls of magic mapping {!r}
 o - a scroll of blinking {!r}
 r - 5 scrolls of teleportation {!r}
 u - 2 scrolls of holy word {!r}
 w - a scroll of fog {!r}
 E - a scroll of immolation {!r, unknown}
 J - a scroll of random uselessness {!r, unknown}
 K - a scroll of vulnerability {!r}
 O - a scroll of summoning {!r, unknown}
Potions
 a - 2 potions of ambrosia {!q}
 g - 2 potions of curing {!q}
 h - 8 potions of heal wounds {!q}
 i - 5 potions of haste {!q}
 k - a potion of flight {!q}
 q - a potion of might {!q}
 t - 2 potions of invisibility {!q}
 x - 3 potions of lignification {!q}
 A - a potion of berserk rage {!q}
 D - a potion of magic {!q}
 G - a potion of brilliance {!q}
 N - a potion of degeneration {!q}
Comestibles
 d - 11 rations


   Skills:
 - Level 7.2 Fighting
 - Level 14.0 Polearms
 - Level 0.6 Armour
 * Level 11.3 Dodging
 - Level 6.4 Spellcasting
 - Level 6.0 Hexes
 - Level 6.0 Charms


You had 13 spell levels left.
You knew the following spells:

 Your Spells              Type           Power        Failure   Level  Hunger
e - Spectral Weapon       Hex/Chrm       ###.....     3%          3    ##.....
r - Regeneration          Chrm/Necr      ##........   12%         3    ##.....
s - Conjure Flame         Conj/Fire      #.......     38%         3    ##.....

Your spell library contained the following spells:

 Spells                   Type           Power        Failure   Level  Hunger
 Infusion                 Chrm           ###.         1%          1    None
 Song of Slaying          Chrm           ###.....     1%          2    #......
 Shroud of Golubria       Chrm/Tloc      ##....       6%          2    #......
 Inner Flame              Hex/Fire       ##......     12%         3    ##.....
 Flame Tongue             Conj/Fire      #....        14%         1    None
 Throw Flame              Conj/Fire      #.....       22%         2    #......
 Sticky Flame             Conj/Fire      #.......     80%         4    ####...
 Fireball                 Conj/Fire      #.........   98%         5    ######.


Dungeon Overview and Level Annotations

Branches:
Dungeon (10/15)            Temple (1/1) D:7
   Lair: D:8-11         Orc: D:9-12

Altars:
Ashenzari
Cheibriados
Dithmenos
Elyvilon
Fedhas
Gozag
Hepliaklqana
Kikubaaqudgha
Makhleb
Nemelex Xobeh
Okawaru
Qazlal
Ru
Sif Muna
Trog
Uskayaw
Vehumet
Wu Jian
Xom
Yredelemnul
Zin
The Shining One

Shops:
D:10 (

Annotations:
D:8 Harold
D:10 2 runed translucent doors, KrasnyyBoyets's ghost, journeyman DDFi


Message History

You climb downwards.
Level annotation: 2 runed translucent doors, KrasnyyBoyets's ghost, journeyman DDFi
There is a stone staircase leading up here.
The ice dragon is too close now for your liking.
Casting: Regeneration (safe; 12% risk of failure)
Confirm with . or Enter, or press ? or * to list all spells.
Okay, then.
Casting: Regeneration (safe; 12% risk of failure)
Confirm with . or Enter, or press ? or * to list all spells.
Your skin crawls.
Casting: Regeneration (safe; 12% risk of failure)
Confirm with . or Enter, or press ? or * to list all spells.
You draw out your weapon's spirit!
You puncture the ice dragon!
The ice dragon is lightly wounded.
The ice dragon bites you but does no damage.
The ice dragon claws you! The ice dragon completely misses you.
You hit the ice dragon but do no damage.
The ice dragon is lightly wounded.
The ice dragon completely misses you. The ice dragon claws you!
The ice dragon tramples you but does no damage.
You hit the ice dragon but do no damage.
The ice dragon is lightly wounded.
You hit the ice dragon but do no damage.
The ice dragon is lightly wounded.
The ice dragon breathes frost at you. The blast of cold misses you.
The blast of cold hits your spectral weapon!
Your spectral weapon resists.
Your spectral weapon shares its damage with you!
You closely miss the ice dragon.
The ice dragon is lightly wounded.
Your skin is crawling a little less now.
You hit the ice dragon.
The ice dragon is moderately wounded.
The ice dragon bites you! The ice dragon claws you.
The ice dragon tramples you but does no damage.
You barely miss the ice dragon.
The ice dragon is moderately wounded.
The ice dragon closely misses you. The ice dragon claws you!
* * * LOW HITPOINT WARNING * * *
The ice dragon misses you.
You hit the ice dragon but do no damage.
The ice dragon is heavily wounded.
You hit the ice dragon but do no damage.
The ice dragon is heavily wounded.
The ice dragon completely misses you. The ice dragon claws you.
* * * LOW HITPOINT WARNING * * *
The ice dragon tramples you but does no damage.
You barely miss the ice dragon.
The ice dragon is heavily wounded.
You hit the ice dragon.
The ice dragon is heavily wounded.
The ice dragon bites you but does no damage.
The ice dragon barely misses you. The ice dragon tramples you!
* * * LOW HITPOINT WARNING * * *
You hold your ground!
You puncture the ice dragon!
The ice dragon is severely wounded.
The ice dragon bites you!
* * * LOW HITPOINT WARNING * * *
The ice dragon claws you!
You die...
Your body crumbles into a pile of gold.

### ### ### ###
########.#########.# #.# #.#
#.(....#....(@D..#.#####.###..
##.###.#.#######.#.......#....
#.# #.#.#.....#.#.#####.#.#.#
#.# #.#.#.#..<#.#.#####.#.#.#
#.# #.#.#.#####.#.#.....#.#.#
#<# #.#.#......D#'#.#####.#.#
### #.#.#####.............#.#
#.#.>....................
#.#..###.....D....#####.#


You could see an ice dragon and a friendly spectral +1 trident.

Vanquished Creatures
  Gastronok (D:9)
  Fannar (D:10)
  A two-headed ogre (D:10)
  Grinder (D:3)
  4 hippogriffs
  2 wyverns (D:8)
  Eustachio (D:6)
  4 yaks (D:9)
  Sigmund (D:3)
  A hungry ghost (D:8)
  Menkaure (D:6)
  5 sky beasts
  4 ice beasts
  3 orc warriors
  A phantom (D:4)
  2 black bears
  4 ogres
  A necrophage (D:9)
  2 centaurs
  A big kobold (D:7)
  Blork the orc (D:6)
  6 bullfrogs
  2 water moccasin skeletons
  5 scorpions
  12 killer bees
  A howler monkey (D:4)
  6 crimson imps
  A bullfrog zombie (D:10)
  A bullfrog skeleton (D:8)
  8 hounds
  A centaur skeleton (D:8)
  2 jellies
  Crazy Yiuf (D:3)
  5 orc wizards
  2 iguanas
  10 worker ants
  A hound zombie (D:7)
  A hound skeleton (D:8)
  Robin (D:3)
  A howler monkey skeleton (D:10)
  3 worker ant zombies
  4 gnolls (D:8)
  5 adders
  An adder zombie (D:5)
  5 worms
  A dart slug (D:2)
  4 leopard geckos
  26 orcs
  7 giant cockroaches
  15 goblins
  7 hobgoblins
  16 jackals
  8 kobolds
  5 quokkas
  7 bats
  9 frilled lizards
  A jackal zombie (D:5)
  A quokka skeleton (D:8)
  7 rats
241 creatures vanquished.

Vanquished Creatures (others)
  2 fungi (D:10)
  4 plants (D:10)
  7 spectral weapons
13 creatures vanquished.

Grand Total: 254 creatures vanquished

Notes
Turn   | Place    | Note
-------+----------+-------------------------------------------
     0 | D:1      | Amnesiac the Merfolk Skald began the quest for the Orb.
     0 | D:1      | Reached XP level 1. HP: 16/16 MP: 3/3
   131 | D:1      | Reached skill level 4 in Polearms
   131 | D:1      | Reached XP level 2. HP: 12/22 MP: 1/5
   550 | D:2      | Reached XP level 3. HP: 27/27 MP: 3/6
   555 | D:2      | Learned a level 3 spell: Spectral Weapon
   744 | D:2      | Found a white marble altar of Elyvilon.
   744 | D:2      | Found a stormy altar of Qazlal.
   747 | D:2      | Found an ornate altar of the Wu Jian Council.
   849 | D:3      | Found a snail-covered altar of Cheibriados.
   944 | D:3      | Found a shimmering altar of Xom.
  1087 | D:4      | Reached skill level 1 in Hexes
  1087 | D:4      | Reached XP level 4. HP: 21/33 MP: 5/7
  1240 | D:4      | Noticed a phantom
  1370 | D:4      | Killed a phantom
  1370 | D:4      | Reached XP level 5. HP: 20/38 MP: 8/8
  1654 | D:4      | Learned a level 3 spell: Regeneration
  1767 | D:5      | Entered Level 5 of the Dungeon
  1784 | D:5      | Noticed an ice beast
  1832 | D:4      | Reached XP level 6. HP: 42/44 MP: 7/10
  1836 | D:4      | Found a shattered altar of Ashenzari.
  2164 | D:5      | Noticed an ice beast
  2323 | D:5      | Killed an ice beast
  2323 | D:5      | Reached skill level 6 in Polearms
  2323 | D:5      | Reached XP level 7. HP: 28/50 MP: 9/13
  2563 | D:5      | Reached skill level 7 in Polearms
  2836 | D:5      | Reached skill level 8 in Polearms
  2931 | D:5      | Found a glowing golden altar of the Shining One.
  2936 | D:5      | Found a basalt altar of Yredelemnul.
  2938 | D:5      | Noticed a profane servitor
  2953 | D:5      | Noticed an angel
  3166 | D:6      | Reached XP level 8. HP: 52/56 MP: 10/15
  3167 | D:6      | Noticed Blork the orc
  3195 | D:6      | Killed Blork the orc
  3287 | D:6      | Reached skill level 9 in Polearms
  3290 | D:6      | Reached skill level 5 in Spellcasting
  3389 | D:5      | Learned a level 3 spell: Conjure Flame
  3453 | D:6      | Reached skill level 10 in Polearms
  3781 | D:6      | Noticed Menkaure
  3799 | D:6      | Killed Menkaure
  3799 | D:6      | Reached skill level 11 in Polearms
  3821 | D:6      | Reached skill level 5 in Charms
  3821 | D:6      | Reached XP level 9. HP: 53/61 MP: 12/16
  3905 | D:6      | Noticed Eustachio
  3930 | D:6      | Killed Eustachio
  3930 | D:6      | Reached skill level 5 in Hexes
  3975 | D:6      | Found an ancient bone altar of Kikubaaqudgha.
  4157 | D:7      | Reached skill level 12 in Polearms
  4563 | D:7      | Reached skill level 13 in Polearms
  4638 | D:7      | Found a staircase to the Ecumenical Temple.
  4700 | Temple   | Entered the Ecumenical Temple
  4771 | Temple   | Became a worshipper of Gozag Ym Sagoz the Greedy
  4914 | D:1      | Found a sparkling altar of Nemelex Xobeh.
  5504 | D:2      | Found a blossoming altar of Fedhas.
  5684 | D:3      | Noticed Sigmund
  5690 | D:3      | Killed Sigmund
  5690 | D:3      | Reached skill level 14 in Polearms
  5775 | D:3      | Noticed Robin
  5787 | D:3      | Killed Robin
  6020 | D:3      | Noticed Grinder
  6027 | D:3      | Killed Grinder
  6304 | D:3      | Found a runed translucent door.
  6305 | D:3      | Noticed Crazy Yiuf
  6314 | D:3      | Killed Crazy Yiuf
  7002 | D:8      | Reached XP level 10. HP: 61/70 MP: 17/17
  7325 | D:8      | Reached skill level 5 in Dodging
  7517 | D:8      | Found a hazy altar of Hepliaklqana.
  7631 | D:8      | Found a hide-covered altar of Uskayaw.
  7631 | D:8      | Noticed Harold
  8226 | D:9      | Reached skill level 5 in Fighting
  8802 | D:9      | Noticed Gastronok
  8847 | D:9      | Killed Gastronok
  8847 | D:9      | Reached XP level 11. HP: 84/84 MP: 18/20
  8913 | D:10     | Entered Level 10 of the Dungeon
  8950 | D:10     | Got a faintly glowing platinum ring
  8952 | D:10     | Identified the ring of Understanding {rC+ MR+} (You found
                  | it on level 10 of the Dungeon)
  9096 | D:10     | Noticed Fannar
  9124 | D:10     | Killed Fannar
  9124 | D:10     | Reached skill level 10 in Dodging
  9142 | D:10     | Noticed a two-headed ogre
  9144 | D:10     | Found Etiet's Antique Weapon Shop.
  9155 | D:10     | Killed a two-headed ogre
  9182 | D:10     | Found a runed translucent door.
  9186 | D:10     | Noticed KrasnyyBoyets's ghost (journeyman DDFi)
  9242 | D:10     | Identified the +6 trident "Merfolk's Bane" {elec, -Tele
                  | rElec Dex+4}
  9280 | D:10     | Found a runed translucent door.
  9280 | D:10     | Found a runed translucent door.
  9280 | D:10     | Noticed an ice dragon
  9280 | D:10     | Noticed an ice dragon
  9280 | D:10     | Noticed a fire dragon
  9281 | D:10     | Found the +2 shield of Resistance {rF+ rC+ MR+}
  9282 | D:10     | Noticed a fire dragon
  9804 | D:10     | Slain by an ice dragon

Levels and vault maps discovered:
D:1:      dpeg_arrival_line_fractal, layout_basic,
          nemelex_xobeh_ov_fountains_minmay
D:2:      minmay_skewed_foursquare, layout_rooms, old_standard_altar,
          nicolae_overflow_hidden_temple
D:3:      layout_basic, cheibriados_altar_1, overflow_temple_1_default,
          uniq_crazy_yiuf_cottage, uniq_robin, uniq_sigmund, uniq_grinder
D:4:      layout_loops_ring, evilmike_ruin_ashenzari, chequers_jeans
D:5:      cheibrodos_helix_gallery, layout_cave_pools,
          grunt_temple_overflow_holy_war, first_ration
D:6:      layout_cave_pools, kiku_gazebo_garden_becter, uniq_eustachio,
          uniq_menkaure, uniq_blork_the_orc
D:7:      layout_loops_ring, minmay_temple_entry_grid
D:8:      layout_loops_ring, nicolae_overflow_crystal_walls,
          eat_drink_and_be_merry_uskayaw, uniq_harold
D:9:      layout_loops_ring, uniq_gastronok
D:10:     layout_basic, serial_shops, shop, ebering_ghost_funeral_grove,
          minmay_guarded_unrand_resistance, uniq_fannar
Temple:   compressed_dpeg_triangle_lava_temple

Skill      XL: |  1  2  3  4  5  6  7  8  9 10 11 |
---------------+----------------------------------+-----
Polearms       | 4 6 8 11 14 | 14.0
Charms         | 4 5 6 |  6.0
Hexes          | 1 3 4 5 6 |  6.0
Spellcasting   | 3 4 5 6 |  6.4
Dodging        | 4 8 11 | 11.3
Fighting       | 3 7 |  7.2
Armour         | |  0.6

Action                   |  1- 3 |  4- 6 |  7- 9 | 10-12 || total
-------------------------+-------+-------+-------+-------++-------
Melee: Spear             |   116 |   109 |    97 |       ||   322
       Trident           |       |       |   233 |   338 ||   571
       Halberd           |       |       |    71 |       ||    71
Throw: Dart              |       |       |    11 |     4 ||    15
 Cast: Infusion          |    13 |       |     3 |       ||    16
       Spectral Weapon   |     2 |    13 |    47 |    28 ||    90
       Regeneration      |       |     1 |     6 |    10 ||    17
Invok: Potion Petition   |       |       |       |     1 ||     1
  Use: Scroll            |     4 |       |    12 |     7 ||    23
       Potion            |       |       |     4 |     1 ||     5
 Stab: Sleeping          |     1 |       |     7 |       ||     8
       Distracted        |       |     2 |     4 |     6 ||    12
  Eat: Chunk             |     1 |     3 |    12 |       ||    16
       Ration            |       |     1 |     3 |     4 ||     8
Armor: Leather armour    |    18 |    25 |    16 |       ||    59
       Robe              |       |       |    51 |    56 ||   107
Dodge: Dodged            |    53 |    58 |   162 |   141 ||   414

Table legend:
 A = Non-vault XP
 B = Vault XP
 C = Vault XP percentage of total XP
 D = Non-vault monster count
 E = Vault monster count
 F = Vault count percentage of total count
                 A         B        C        D         E       F
            +---------+---------+-------+---------+---------+-------
      Total |    9835 |    4327 |  30.6 |     214 |      27 |  11.2
            +---------+---------+-------+---------+---------+-------
        D:1 |      44 |       0 |   0.0 |      28 |       0 |   0.0
        D:2 |      42 |      12 |  22.2 |      19 |       6 |  24.0
        D:3 |      25 |     553 |  95.7 |       9 |      14 |  60.9
        D:4 |     390 |       0 |   0.0 |      14 |       0 |   0.0
        D:5 |     589 |      56 |   8.7 |      21 |       2 |   8.7
        D:6 |    1206 |     470 |  28.0 |      20 |       3 |  13.0
        D:7 |    1183 |       0 |   0.0 |      24 |       0 |   0.0
        D:8 |    1795 |       0 |   0.0 |      29 |       0 |   0.0
        D:9 |    1973 |    2213 |  52.9 |      24 |       1 |   4.0
       D:10 |    2588 |    1023 |  28.3 |      26 |       1 |   3.7
            +---------+---------+-------+---------+---------+-------
